 Dungeon Crawl Stone Soup version 0.19-a0-1456-gc747e27 (webtiles) character file.

109 RonnieColeman the Conjurer (level 4, -5/24 HPs)
             Began as a Deep Elf Conjurer on Sept 6, 2016.
             Killed from afar by RonnieColeman's ghost (18 damage)
             ... with an orb of energy
             ... on level 3 of the Dungeon.
             The game lasted 00:04:59 (1843 turns).

RonnieColeman the Conjurer (Deep Elf Conjurer)      Turns: 1843, Time: 00:05:00

Health: -5/24      AC:  3    Str:  5    XL:     4   Next: 60%
Magic:  1/12       EV: 13    Int: 21    God:
Gold:   98         SH:  0    Dex: 15    Spells: 2 memorised, 7 levels left

rFire  + . .     SeeInvis .     e - +1 short sword (drain)
rCold  . . .     Gourm    .     a - +0 robe
rNeg   . . .     Faith    .     (no shield)
rPois  +         Spirit   .     f - +0 helmet
rElec  .         Dismiss  .     (no cloak)
rCorr  .         Reflect  .     (no gloves)
MR     .....     Harm     .     (no boots)
Stlth  ++........               (no amulet)
                                (no ring)
                                k - ring of wizardry

@: no status effects
A: fire resistance 1, poison resistance, wild magic 1
a: no special abilities


You were on level 3 of the Dungeon.
You were not hungry.

You visited 1 branch of the dungeon, and saw 3 of its levels.

You collected 98 gold pieces.

Inventory:

Hand Weapons
 e - a +1 short sword of draining (weapon)
Armour
 a - a +0 robe (worn)
 f - a +0 helmet (worn)
Jewellery
 k - a ring of wizardry (left hand)
Scrolls
 g - a scroll of remove curse
 h - 4 scrolls of identify
 i - 3 scrolls of recharging
 l - a scroll of fog {unknown}
Books
 b - a book of Conjurations

   Spells                             Type                      Level
   a - Magic Dart                     Conjuration                  1
   b - Searing Ray                    Conjuration                  2
   c - Dazzling Spray                 Conjuration/Hexes            3
   d - Fulminant Prism                Conjuration/Hexes            4
   e - Iskenderun's Mystic Blast      Conjuration                  4
   f - Iskenderun's Battlesphere      Conjuration/Charms           5
Comestibles
 c - 2 bread rations
 d - 3 chunks of flesh
 j - a beef jerky
 m - a meat ration


   Skills:
 - Level 2.4 Dodging
 - Level 2.4 Stealth
 + Level 4.6 Spellcasting
 * Level 5.9 Conjurations


You had 7 spell levels left.
You knew the following spells:

 Your Spells              Type           Power        Failure   Level  Hunger
a - Magic Dart            Conj           ####         1%          1    None
c - Iskenderun's Mystic   Conj           #####...     7%          4    ####...


Dungeon Overview and Level Annotations

Branches:
Dungeon (3/15)

Altars:

Annotations:
D:3 RonnieColeman's ghost, amateur OpCj


Innate Abilities, Weirdness & Mutations

Your flesh is heat resistant. (rF+)
Your system is resistant to poisons. (rPois)
Your spells are a little harder to cast, but a little more powerful.


Message History

Press: ? - help, Shift-Dir - straight line, f/p - RonnieColeman's ghost
Aim: RonnieColeman's ghost (heavily damaged)
The orb of energy hits RonnieColeman's ghost.
RonnieColeman's ghost is severely damaged.
RonnieColeman's ghost stares at you and mumbles some strange words.
The orb of energy misses you.
Casting: Iskenderun's Mystic Blast
Confirm with . or Enter, or press ? or * to list all spells.
Aiming: Iskenderun's Mystic Blast
Press: ? - help, Shift-Dir - straight line, f/p - RonnieColeman's ghost
Aim: RonnieColeman's ghost (severely damaged)
The orb of energy misses RonnieColeman's ghost.
RonnieColeman's ghost casts a spell at you.
The magic dart hits you!
RonnieColeman's ghost casts a spell at you.
The orb of energy misses you.
The orb of energy explodes!
RonnieColeman's ghost stares at you and mumbles some strange words.
The orb of energy hits you!
Ouch! That really hurt!
You die...

#.# #######
#.# ####.#
#....#
#.##.#
####.#######
#....##..).#
#.###..).#.#
# #....#@#
.......#.#
#########.#
#.# #.###
#.#.. #W#W#
#.#.# #.#.#


You could see RonnieColeman's ghost.

Vanquished Creatures
  Terence (D:2)
  2 adders (D:2)
  A worm (D:2)
  2 dart slugs
  2 giant geckos
  An orc (D:3)
  3 bats
  3 giant cockroaches
  6 goblins
  9 hobgoblins
  3 jackals (D:1)
  7 kobolds
  2 quokkas
  3 ball pythons
  A giant newt (D:2)
  7 rats
53 creatures vanquished.

Notes
Turn   | Place    | Note
-------+----------+-------------------------------------------
     0 | D:1      | RonnieColeman the Deep Elf Conjurer began the quest for the Orb.
     0 | D:1      | Reached XP level 1. HP: 10/10 MP: 6/6
   138 | D:1      | Reached XP level 2. HP: 15/15 MP: 1/8
   198 | D:1      | Reached skill level 5 in Conjurations
   492 | D:1      | Reached XP level 3. HP: 16/19 MP: 5/10
   721 | D:2      | Found a faded altar of an unknown god.
   787 | D:2      | Gained mutation: Your flesh is heat resistant. (rF+) [potion of mutation]
   787 | D:2      | Gained mutation: Your system is resistant to poisons. (rPois) [potion of mutation]
   787 | D:2      | Gained mutation: Your spells are a little harder to cast, but a little more powerful. [potion of mutation]
  1121 | D:2      | Noticed Terence
  1387 | D:2      | Reached XP level 4. HP: 24/24 MP: 9/12
  1398 | D:2      | Learned a level 4 spell: Iskenderun's Mystic Blast
  1574 | D:2      | Killed Terence
  1742 | D:3      | Noticed RonnieColeman's ghost (amateur OpCj)
  1843 | D:3      | Killed from afar by RonnieColeman's ghost

Vault maps used:
D:1:      mainiacjoe_arrival_reflecting_pool, minmay_misc_feat_more_columns
D:2:      ecumenical_altar_2, uniq_terence
D:3:      minmay_wonky_spiral

Skill      XL: |  1  2  3 |
---------------+----------+-----
Conjurations   | 5 |  5.9
Spellcasting   | 4 |  4.6
Dodging        | |  2.4
Stealth        | |  2.4

Action                   |  1- 3 |  4- 6 || total
-------------------------+-------+-------++-------
Melee: Short sword       |    11 |     6 ||    17
 Cast: Magic Dart        |    70 |    31 ||   101
       Iskenderun's Myst |       |     5 ||     5
  Use: Scroll            |     4 |       ||     4
       Potion            |     4 |       ||     4
  Eat: Chunk             |     1 |     2 ||     3
Armor: Robe              |     5 |     1 ||     6
Dodge: Dodged            |    10 |     6 ||    16
